Staline vs Gangsters
Created - 6 décembre 2014 at 19:30
Goals
|
| Staline |
4 |
1 |
1 |
6 |
| Gangsters |
4 |
1 |
2 |
7 |
|
Shots
|
| Staline |
13 |
8 |
9 |
30 |
| Gangsters |
11 |
10 |
11 |
32 |
|
1st period
1. Staline , Theo Peckham 2 (Jared Boll, Zac Rinaldo) at 1:15
2. Gangsters , Ryan Keller 16 (Jaroslav Balastik, Gustav Nyquist) at 9:29
3. Staline , Jared Boll 6 (James Sheppard, Tyler Cuma) at 13:02
4. Gangsters , Nick Foligno 5 (Ville Koistinen) at 16:24
5. Gangsters , Gustav Nyquist 13 (Nick Foligno, Shaun Heska) at 17:21
6. Staline , Andrei Loktionov 23 (Cody Franson, Tobias Stephan) at 17:38 (PP)
7. Gangsters , Jaroslav Balastik 20 (Alexandre Bolduc, Ryan Keller) at 17:50
8. Staline , Andrei Loktionov 24 (Cody Franson) at 19:59
Penalties :
Brock Bradford (Bro) for Diving (Minor) at 10:47, Colten Teubert (Bro) for Holding (Minor) at 13:45, Bryan Young (Bro) for Tripping (Minor) at 17:26
2nd period
9. Staline , Devin Setoguchi 21 (Cody Franson, Andrei Loktionov) at 0:04
10. Gangsters , Alexandre Bolduc 17 (Bryan Young, Ville Koistinen) at 6:08
Penalties :
Cody Franson (StJ) for Slashing (Minor) at 2:16, Jaroslav Balastik (Bro) for Hooking (Minor) at 13:40, Gustav Nyquist (Bro) for Holding (Minor) at 17:46
3rd period
11. Staline , Mason Raymond 11 (Devin Setoguchi, Andrei Loktionov) at 14:23
12. Gangsters , Chris Bourque 14 (Ville Koistinen, Artem Anisimov) at 14:34
13. Gangsters , Ryan Keller 17 (Jaroslav Balastik, Bryan Young) at 15:16
Penalties :
Alexandre Bolduc (Bro) for Hooking (Minor) at 5:18, Chris Bourque (Bro) for Interference (Minor) at 10:23, Jaroslav Balastik (Bro) for Roughing (Minor) at 18:18
Goalie Stats
Tobias Stephan (StJ), 25 saves from 32 shots - (0,781), L, 18-7-2, 60:00 minutes
Dustin Tokarski (Bro), 24 saves from 30 shots - (0,800), W, 5-6-0, 60:00 minutes
Players Stats for Staline
Player Name G A P +/- PIM S H SB GA TA FO MP PP MP PK MP
------------------------------------------------------------------------------------
Andrei Loktionov 2 2 4 1 0 5 2 1 1 0 11/37 24:08 7:44 0:23
Cam Janssen 0 0 0 -3 0 0 2 0 0 0 1/2 17:18 6:01 0:23
Cody Franson 0 3 3 -1 2 0 0 5 0 0 0/0 28:32 8:27 0:00
Devin Setoguchi 1 1 2 1 0 8 2 0 0 0 0/1 23:45 7:44 0:00
Greg Pateryn 0 0 0 -1 0 0 0 0 0 0 0/0 10:55 0:00 0:59
J.T. Wyman 0 0 0 -1 0 0 1 0 0 1 0/0 9:20 0:02 0:00
James Sheppard 0 1 1 1 0 4 0 1 0 0 0/0 7:55 0:00 0:00
Jared Boll 1 1 2 1 0 1 1 1 1 0 0/0 8:18 0:02 0:00
Mason Raymond 1 0 1 1 0 2 2 0 0 0 0/2 24:29 7:44 0:36
Mathieu Perreault 0 0 0 -1 0 2 1 0 0 0 3/6 10:03 0:00 1:00
Nick Spaling 0 0 0 -1 0 0 1 0 0 0 0/1 15:07 6:01 0:27
Pierre-Luc Létourneau 0 0 0 -3 0 1 2 0 0 1 0/0 12:10 0:00 1:00
Stu Bickel 0 0 0 0 0 2 1 4 0 0 0/0 21:41 0:00 1:17
Theo Peckham 1 0 1 0 0 2 1 3 0 2 0/0 20:06 5:20 0:42
Torey Krug 0 0 0 -2 0 0 1 1 0 0 0/0 18:54 8:27 0:27
Tyler Cuma 0 1 1 0 0 1 1 1 0 0 0/0 19:57 5:20 0:33
Yan Stastny 0 0 0 -3 0 2 1 0 0 0 4/15 16:55 6:01 0:00
Zac Rinaldo 0 1 1 1 0 0 0 1 0 0 4/6 8:27 0:02 0:09
Players Stats for Gangsters
Player Name G A P +/- PIM S H SB GA TA FO MP PP MP PK MP
------------------------------------------------------------------------------------
Alexandre Bolduc 1 1 2 1 2 2 2 1 0 0 18/31 18:17 1:07 2:00
Artem Anisimov 0 1 1 1 0 1 2 0 0 0 9/13 12:25 0:52 0:00
Ben Holmstrom 0 0 0 0 0 0 0 0 0 0 0/0 0:00 0:00 0:00
Brett Ponich 0 0 0 0 0 0 0 0 0 0 0/0 3:27 0:00 0:24
Brock Bradford 0 0 0 0 2 0 0 0 0 1 9/11 11:58 0:00 3:04
Bryan Young 0 2 2 4 2 5 0 0 0 0 0/0 25:40 1:09 8:10
Chris Bourque 1 0 1 1 2 4 0 0 0 0 0/0 17:26 0:52 4:59
Colten Teubert 0 0 0 -2 2 0 2 1 0 0 0/0 19:39 0:50 4:23
Gabriel Dumont 0 0 0 0 0 0 0 0 0 0 0/0 0:32 0:00 0:32
Gustav Nyquist 1 1 2 1 2 2 0 1 1 0 0/1 8:35 0:00 0:00
Jaroslav Balastik 1 2 3 2 4 5 2 0 1 0 9/9 21:43 1:07 5:40
Luke Gazdic 0 0 0 -1 0 0 4 0 0 0 0/0 8:48 0:00 0:00
Matt Delahey 0 0 0 0 0 1 1 0 0 0 0/0 10:22 0:00 0:00
Maxime Sauvé 0 0 0 -1 0 1 1 0 0 0 1/4 8:48 0:00 0:00
Michael Sdao 0 0 0 0 0 0 2 1 0 0 0/0 11:15 0:00 0:50
Mikko Lehtonen 0 0 0 -1 0 2 2 2 0 0 0/0 8:48 0:00 0:00
Nathan Moon 0 0 0 0 0 0 0 0 0 0 0/0 0:00 0:00 0:00
Nick Foligno 1 1 2 0 0 2 0 0 1 0 0/0 12:44 0:00 3:49
Phil McRae 0 0 0 0 0 0 0 0 0 0 0/0 0:00 0:00 0:00
Richard Panik 0 0 0 0 0 0 0 0 0 0 0/0 0:00 0:00 0:00
Ryan Jones 0 0 0 1 0 1 2 0 1 0 1/1 12:25 0:52 0:00
Ryan Keller 2 1 3 2 0 4 3 0 0 0 0/0 23:35 1:07 7:30
Shaun Heska 0 1 1 -2 0 0 1 1 0 1 0/0 20:42 0:50 5:25
Ville Koistinen 0 3 3 4 0 2 1 0 0 0 0/0 28:56 1:09 8:22
3 Stars
1 - Andrei Loktionov (StJ)
2 - Ryan Keller (Bro)
3 - Ville Koistinen (Bro)
Power Play
Staline - 1 on 8 Attempt(s) - 12,50%
Gangsters - 0 on 1 Attempt(s) - 0,00%
Penalty Kill
Staline - 1 on 1 Attempt(s) - 100,00%
- Score 0 goal in Penalty Kill
Gangsters - 7 on 8 Attempt(s) - 87,50%
- Score 0 goal in Penalty Kill
Official
Referees : McCreary Bill and Walkom Stephen
Linesman : Tony Sericolo and Lyle Seitz
Game Notes
No Game Note
Finance
Level 1 -- Attendance: 1441 (72,05%) -- Ticket Income 50 435 $
Level 2 -- Attendance: 810 (81,00%) -- Ticket Income 12 150 $
Total Attendance: 2251 (75,03%)
Total Ticket Income: 62 585 $
Other Income: 3 129 $
Total Income: 65 714 $
Staline
5 vs 5 Forward
Center Left Wing Right Wing Time % Phy DF OF
1 Andrei Loktionov Mason Raymond Devin Setoguchi 40 1 2 2
2 Yan Stastny Pierre-Luc Létourneau Cam Janssen 30 1 2 2
3 Mathieu Perreault Nick Spaling J.T. Wyman 20 1 2 2
4 Zac Rinaldo James Sheppard Jared Boll 10 1 2 2
5 vs 5 Defense
Defense Defense Time % Phy DF OF
1 Cody Franson Stu Bickel 40 1 2 2
2 Theo Peckham Tyler Cuma 30 1 2 2
3 Torey Krug Greg Pateryn 20 1 2 2
4 Cody Franson Stu Bickel 10 1 2 2
PowerPlay Forward
Center Left Wing Right Wing Time % Phy DF OF
1 Andrei Loktionov Mason Raymond Devin Setoguchi 60 1 2 2
2 Yan Stastny Nick Spaling Cam Janssen 40 1 2 2
PowerPlay Defense
Defense Defense Time % Phy DF OF
1 Cody Franson Torey Krug 60 1 2 2
2 Theo Peckham Tyler Cuma 40 1 2 2
Penalty Kill 4 Players Forward
Center Wing Time % Phy DF OF
1 Mathieu Perreault Pierre-Luc Létourneau 60 1 2 2
2 Andrei Loktionov Cam Janssen 40 1 2 2
Penalty Kill 4 Players Defense
Defense Defense Time % Phy DF OF
1 Cody Franson Stu Bickel 60 1 2 2
2 Theo Peckham Tyler Cuma 40 1 2 2
Penalty Kill - 3 Players Forward
Forward Time % Phy DF OF
1 Mathieu Perreault 60 1 2 2
2 Yan Stastny 40 1 2 2
Penalty Kill - 3 Players Defense
Defense Defense Time % Phy DF OF
1 Cody Franson Stu Bickel 60 1 2 2
2 Theo Peckham Tyler Cuma 40 1 2 2
4 vs 4 Forward
Center Wing Time % Phy DF OF
1 Andrei Loktionov Mason Raymond 60 1 2 2
2 Yan Stastny Cam Janssen 40 1 2 2
4 vs 4 Defense
Defense Defense Time % Phy DF OF
1 Cody Franson Torey Krug 60 1 2 2
2 Theo Peckham Tyler Cuma 40 1 2 2
Last Minutes Offensive
Center Left Wing Right Wing Defense Defense
Yan Stastny Pierre-Luc Létourneau Devin Setoguchi Cody Franson Torey Krug
Last Minutes Defensive
Center Left Wing Right Wing Defense Defense
Yan Stastny Pierre-Luc Létourneau Devin Setoguchi Cody Franson Stu Bickel
Goaltenders
Starting : Tobias Stephan
Backup : Martin Houle
Extra Forwards
Normal : J.T. Wyman, Jared Boll, Nick Spaling - PP : J.T. Wyman, Jared Boll - PK : Nick Spaling
Extra Defensemen
Normal : Torey Krug, Greg Pateryn, Theo Peckham - PP : Torey Krug - PK : Greg Pateryn, Theo Peckham
Penalty Shots
Devin Setoguchi, Pierre-Luc Létourneau, Yan Stastny, Cam Janssen, Mason Raymond
Gangsters
5 vs 5 Forward
Center Left Wing Right Wing Time % Phy DF OF
1 Alexandre Bolduc Jaroslav Balastik Ryan Keller 40 1 2 2
2 Artem Anisimov Chris Bourque Ryan Jones 30 1 2 2
3 Brock Bradford Nick Foligno Gustav Nyquist 20 1 2 2
4 Maxime Sauvé Luke Gazdic Mikko Lehtonen 10 1 2 2
5 vs 5 Defense
Defense Defense Time % Phy DF OF
1 Ville Koistinen Bryan Young 40 1 2 2
2 Shaun Heska Colten Teubert 30 1 2 2
3 Matt Delahey Michael Sdao 20 1 2 2
4 Brett Ponich Ville Koistinen 10 1 2 2
PowerPlay Forward
Center Left Wing Right Wing Time % Phy DF OF
1 Alexandre Bolduc Jaroslav Balastik Ryan Keller 60 1 2 2
2 Artem Anisimov Chris Bourque Ryan Jones 40 1 2 2
PowerPlay Defense
Defense Defense Time % Phy DF OF
1 Ville Koistinen Bryan Young 60 1 2 2
2 Shaun Heska Colten Teubert 40 1 2 2
Penalty Kill 4 Players Forward
Center Wing Time % Phy DF OF
1 Jaroslav Balastik Ryan Keller 60 1 2 2
2 Chris Bourque Nick Foligno 40 1 2 2
Penalty Kill 4 Players Defense
Defense Defense Time % Phy DF OF
1 Ville Koistinen Bryan Young 60 1 2 2
2 Shaun Heska Colten Teubert 40 1 2 2
Penalty Kill - 3 Players Forward
Forward Time % Phy DF OF
1 Jaroslav Balastik 60 1 2 2
2 Ryan Keller 40 1 2 2
Penalty Kill - 3 Players Defense
Defense Defense Time % Phy DF OF
1 Ville Koistinen Bryan Young 60 1 2 2
2 Shaun Heska Colten Teubert 40 1 2 2
4 vs 4 Forward
Center Wing Time % Phy DF OF
1 Jaroslav Balastik Ryan Keller 60 1 2 2
2 Chris Bourque Nick Foligno 40 1 2 2
4 vs 4 Defense
Defense Defense Time % Phy DF OF
1 Ville Koistinen Bryan Young 60 1 2 2
2 Shaun Heska Colten Teubert 40 1 2 2
Last Minutes Offensive
Center Left Wing Right Wing Defense Defense
Alexandre Bolduc Jaroslav Balastik Ryan Keller Ville Koistinen Bryan Young
Last Minutes Defensive
Center Left Wing Right Wing Defense Defense
Alexandre Bolduc Jaroslav Balastik Ryan Keller Ville Koistinen Bryan Young
Goaltenders
Starting : Dustin Tokarski
Backup : David LeNeveu
Extra Forwards
Normal : Gustav Nyquist, Mikko Lehtonen, Brock Bradford - PP : Gustav Nyquist, Mikko Lehtonen - PK : Brock Bradford
Extra Defensemen
Normal : Matt Delahey, Michael Sdao, Brett Ponich - PP : Matt Delahey - PK : Michael Sdao, Brett Ponich
Penalty Shots
Jaroslav Balastik, Ryan Keller, Chris Bourque, Nick Foligno, Alexandre Bolduc
% Time on Ice - Staline
Lines # - Real PCT - Wanted PCT - Time Play
Normal Forward
1 - 37% - 40% - 16:28
2 - 25% - 30% - 10:54
3 - 20% - 20% - 8:57
4 - 18% - 10% - 7:55
Normal Defense
1 - 42% - 40% - 18:44
2 - 32% - 30% - 14:04
3 - 22% - 20% - 9:46
4 - 4% - 10% - 1:40
PP Forward
1 - 56% - 60% - 7:46
2 - 44% - 40% - 6:01
PP Defense
1 - 61% - 60% - 8:27
2 - 39% - 40% - 5:20
PK Forward
1 - 81% - 60% - 1:36
2 - 19% - 40% - 0:23
PK Defense
1 - 72% - 60% - 1:26
2 - 28% - 40% - 0:33
PK3 Forward
1 - 0% - 60%
2 - 0% - 40%
PK3 Defense
1 - 0% - 60%
2 - 0% - 40%
44 Forward
1 - 0% - 60%
2 - 0% - 40%
44 Defense
1 - 0% - 60%
2 - 0% - 40%
Last Minute Offensive - 0:00
Last Minute Defensive - 0:00
Total
Forward - 60:00
Defense - 60:00
|
% Time on Ice - Gangsters
Lines # - Real PCT - Wanted PCT - Time Play
Normal Forward
1 - 34% - 40% - 15:01
2 - 27% - 30% - 11:49
3 - 19% - 20% - 8:36
4 - 20% - 10% - 8:48
Normal Defense
1 - 37% - 40% - 16:22
2 - 33% - 30% - 14:27
3 - 23% - 20% - 10:22
4 - 7% - 10% - 3:03
PP Forward
1 - 56% - 60% - 1:07
2 - 44% - 40% - 0:52
PP Defense
1 - 58% - 60% - 1:09
2 - 42% - 40% - 0:50
PK Forward
1 - 76% - 60% - 10:30
2 - 24% - 40% - 3:17
PK Defense
1 - 61% - 60% - 8:22
2 - 39% - 40% - 5:25
PK3 Forward
1 - 0% - 60%
2 - 0% - 40%
PK3 Defense
1 - 0% - 60%
2 - 0% - 40%
44 Forward
1 - 0% - 60%
2 - 0% - 40%
44 Defense
1 - 0% - 60%
2 - 0% - 40%
Last Minute Offensive - 0:00
Last Minute Defensive - 0:00
Total
Forward - 60:00
Defense - 60:00
|
Play by Play
1st period
0:01 of 1st period - Alexandre Bolduc wins face-off versus Andrei Loktionov in neutral zone.
0:39 of 1st period - Wrist shot by Chris Bourque.
0:39 of 1st period - Stopped by Tobias Stephan with a rebound.
1:11 of 1st period - Wrist shot by James Sheppard.
1:11 of 1st period - Stopped by Dustin Tokarski without a rebound.
1:12 of 1st period - Zac Rinaldo wins face-off versus Maxime Sauvé in Gangsters zone.
1:13 of 1st period - Snap shot by Jared Boll.
1:13 of 1st period - Shot Misses the Net.
1:15 of 1st period - Slapshot by Theo Peckham.
1:15 of 1st period - Goal by Theo Peckham - Staline : 1 - Gangsters : 0.
1:16 of 1st period - Andrei Loktionov wins face-off versus Alexandre Bolduc in neutral zone.
1:25 of 1st period - Snap shot by Devin Setoguchi.
1:25 of 1st period - Stopped by Dustin Tokarski with a rebound.
1:27 of 1st period - Snap shot by Mason Raymond.
1:27 of 1st period - Stopped by Dustin Tokarski without a rebound.
1:28 of 1st period - Artem Anisimov wins face-off versus Yan Stastny in Gangsters zone.
3:03 of 1st period - Slapshot by Pierre-Luc Létourneau.
3:03 of 1st period - Shot Misses the Net.
3:07 of 1st period - Wrist shot by Yan Stastny.
3:07 of 1st period - Stopped by Dustin Tokarski without a rebound.
3:08 of 1st period - Alexandre Bolduc wins face-off versus Mason Raymond in Gangsters zone.
3:46 of 1st period - Wrist shot by Ryan Jones.
3:46 of 1st period - Deflect By Chris Bourque.
3:46 of 1st period - Shot Misses the Net.
3:46 of 1st period - Puck is out of play.
3:47 of 1st period - Alexandre Bolduc wins face-off versus Yan Stastny in Staline zone.
4:33 of 1st period - Snap shot by James Sheppard.
4:33 of 1st period - Stopped by Dustin Tokarski with a rebound.
4:51 of 1st period - Off-side.
4:52 of 1st period - Maxime Sauvé wins face-off versus Andrei Loktionov in neutral zone.
4:59 of 1st period - Snap shot by Maxime Sauvé.
4:59 of 1st period - Shot Misses the Net.
5:19 of 1st period - Yan Stastny is hit by Alexandre Bolduc and loses puck.
5:26 of 1st period - Slapshot by Pierre-Luc Létourneau.
5:26 of 1st period - Shot Misses the Net.
6:58 of 1st period - Slapshot by Andrei Loktionov.
6:58 of 1st period - Shot Misses the Net.
7:00 of 1st period - Wrist shot by Devin Setoguchi.
7:00 of 1st period - Stopped by Dustin Tokarski without a rebound.
7:01 of 1st period - Artem Anisimov wins face-off versus Yan Stastny in Gangsters zone.
7:14 of 1st period - Snap shot by Chris Bourque.
7:14 of 1st period - Shot Misses the Net.
8:12 of 1st period - Tyler Cuma is hit by Luke Gazdic and loses puck.
8:31 of 1st period - Snap shot by Devin Setoguchi.
8:31 of 1st period - Shot Misses the Net.
8:40 of 1st period - Off-side.
8:41 of 1st period - Mathieu Perreault wins face-off versus Alexandre Bolduc in neutral zone.
8:54 of 1st period - Wrist shot by Jaroslav Balastik.
8:54 of 1st period - Stopped by Tobias Stephan with a rebound.
8:56 of 1st period - Slapshot by Shaun Heska.
8:56 of 1st period - Deflect By Jaroslav Balastik.
8:56 of 1st period - Deflect By Nick Spaling.
8:56 of 1st period - Shot Blocked by Cody Franson.
8:56 of 1st period - Puck is out of play.
8:57 of 1st period - Andrei Loktionov wins face-off versus Gustav Nyquist in Staline zone.
9:10 of 1st period - Snap shot by Gustav Nyquist.
9:10 of 1st period - Shot Blocked by Stu Bickel.
9:19 of 1st period - Icing by Gustav Nyquist.
9:20 of 1st period - Brock Bradford wins face-off versus Cam Janssen in Gangsters zone.
9:29 of 1st period - Wrist shot by Ryan Keller.
9:29 of 1st period - Goal by Ryan Keller - Staline : 1 - Gangsters : 1.
9:30 of 1st period - Andrei Loktionov wins face-off versus Alexandre Bolduc in neutral zone.
9:42 of 1st period - Icing by Stu Bickel.
9:43 of 1st period - Andrei Loktionov wins face-off versus Alexandre Bolduc in Staline zone.
10:44 of 1st period - Snap shot by Cody Franson.
10:44 of 1st period - Deflect By Yan Stastny.
10:44 of 1st period - Shot Misses the Net.
10:44 of 1st period - Puck is out of play.
10:45 of 1st period - Brock Bradford wins face-off versus Andrei Loktionov in Gangsters zone.
10:47 of 1st period - Minor Penalty to Brock Bradford for Diving.
10:48 of 1st period - Jaroslav Balastik wins face-off versus Andrei Loktionov in Gangsters zone.
12:23 of 1st period - Ryan Keller is hit by Cam Janssen and loses puck.
12:47 of 1st period - Penalty to Brock Bradford is over, Brock Bradford is back on ice.
13:00 of 1st period - Wrist shot by James Sheppard.
13:00 of 1st period - Shot Misses the Net.
13:02 of 1st period - Wrist shot by Jared Boll.
13:02 of 1st period - Goal by Jared Boll - Staline : 2 - Gangsters : 1.
13:03 of 1st period - Artem Anisimov wins face-off versus Nick Spaling in neutral zone.
13:28 of 1st period - Jaroslav Balastik is hit by Devin Setoguchi and loses puck.
13:33 of 1st period - Snap shot by Andrei Loktionov.
13:33 of 1st period - Stopped by Dustin Tokarski without a rebound.
13:34 of 1st period - Andrei Loktionov wins face-off versus Alexandre Bolduc in Gangsters zone.
13:43 of 1st period - Snap shot by Andrei Loktionov.
13:43 of 1st period - Stopped by Dustin Tokarski with a rebound.
13:45 of 1st period - Minor Penalty to Colten Teubert for Holding.
13:46 of 1st period - Jaroslav Balastik wins face-off versus Devin Setoguchi in Gangsters zone.
13:57 of 1st period - Bryan Young is hit by Mason Raymond and loses puck.
15:45 of 1st period - Penalty to Colten Teubert is over, Colten Teubert is back on ice.
16:24 of 1st period - Snap shot by Nick Foligno.
16:24 of 1st period - Goal by Nick Foligno - Staline : 2 - Gangsters : 2.
16:25 of 1st period - Alexandre Bolduc wins face-off versus Andrei Loktionov in neutral zone.
16:55 of 1st period - Snap shot by Chris Bourque.
16:55 of 1st period - Stopped by Tobias Stephan with a rebound.
17:13 of 1st period - Wrist shot by James Sheppard.
17:13 of 1st period - Stopped by Dustin Tokarski without a rebound.
17:14 of 1st period - Zac Rinaldo wins face-off versus Brock Bradford in Gangsters zone.
17:21 of 1st period - Snap shot by Gustav Nyquist.
17:21 of 1st period - Goal by Gustav Nyquist - Staline : 2 - Gangsters : 3.
17:22 of 1st period - Alexandre Bolduc wins face-off versus Andrei Loktionov in neutral zone.
17:26 of 1st period - Minor Penalty to Bryan Young for Tripping.
17:27 of 1st period - Jaroslav Balastik wins face-off versus Andrei Loktionov in Gangsters zone.
17:38 of 1st period - Snap shot by Andrei Loktionov.
17:38 of 1st period - Goal by Andrei Loktionov - Staline : 3 - Gangsters : 3.
17:39 of 1st period - Alexandre Bolduc wins face-off versus Andrei Loktionov in neutral zone.
17:48 of 1st period - Wrist shot by Alexandre Bolduc.
17:48 of 1st period - Shot Blocked by Cody Franson.
17:50 of 1st period - Snap shot by Jaroslav Balastik.
17:50 of 1st period - Goal by Jaroslav Balastik - Staline : 3 - Gangsters : 4.
17:51 of 1st period - Andrei Loktionov wins face-off versus Alexandre Bolduc in neutral zone.
17:51 of 1st period - Andrei Loktionov is hit by Ryan Keller.
18:17 of 1st period - Yan Stastny is hit by Ryan Jones and loses puck.
18:28 of 1st period - Snap shot by Chris Bourque.
18:28 of 1st period - Deflect By Ryan Jones.
18:28 of 1st period - Stopped by Tobias Stephan with a rebound.
18:30 of 1st period - Slapshot by Bryan Young.
18:30 of 1st period - Stopped by Tobias Stephan without a rebound.
18:31 of 1st period - Brock Bradford wins face-off versus Andrei Loktionov in Staline zone.
18:38 of 1st period - Wrist shot by Gustav Nyquist.
18:38 of 1st period - Shot Misses the Net.
18:42 of 1st period - Snap shot by Nick Foligno.
18:42 of 1st period - Stopped by Tobias Stephan with a rebound.
18:44 of 1st period - Snap shot by Gustav Nyquist.
18:44 of 1st period - Stopped by Tobias Stephan with a rebound.
18:46 of 1st period - Slapshot by Shaun Heska.
18:46 of 1st period - Shot Blocked by Theo Peckham.
19:03 of 1st period - Jaroslav Balastik is hit by Pierre-Luc Létourneau and loses puck.
19:38 of 1st period - Ville Koistinen is hit by Jared Boll and loses puck.
19:59 of 1st period - Slapshot by Andrei Loktionov.
19:59 of 1st period - Goal by Andrei Loktionov - Staline : 4 - Gangsters : 4.
Goals for this period are 4 for Staline vs 4 for Gangsters.
Shots for this period are 13 for Staline vs 11 for Gangsters.
2nd period
0:01 of 2nd period - Andrei Loktionov wins face-off versus Alexandre Bolduc in neutral zone.
0:04 of 2nd period - Snap shot by Cody Franson.
0:04 of 2nd period - Deflect By Devin Setoguchi.
0:04 of 2nd period - Goal by Devin Setoguchi - Staline : 5 - Gangsters : 4.
0:05 of 2nd period - Andrei Loktionov wins face-off versus Alexandre Bolduc in neutral zone.
0:37 of 2nd period - Cody Franson is hit by Ville Koistinen and loses puck.
1:17 of 2nd period - James Sheppard is hit by Maxime Sauvé.
1:25 of 2nd period - Snap shot by Mikko Lehtonen.
1:25 of 2nd period - Shot Misses the Net.
1:27 of 2nd period - Wrist shot by Mikko Lehtonen.
1:27 of 2nd period - Stopped by Tobias Stephan with a rebound.
1:40 of 2nd period - Off-side.
1:41 of 2nd period - Alexandre Bolduc wins face-off versus Andrei Loktionov in neutral zone.
1:50 of 2nd period - Snap shot by Ryan Keller.
1:50 of 2nd period - Shot Misses the Net.
1:52 of 2nd period - Snap shot by Ryan Keller.
1:52 of 2nd period - Stopped by Tobias Stephan with a rebound.
1:54 of 2nd period - Slapshot by Matt Delahey.
1:54 of 2nd period - Stopped by Tobias Stephan without a rebound.
1:55 of 2nd period - Alexandre Bolduc wins face-off versus Yan Stastny in Staline zone.
2:16 of 2nd period - Minor Penalty to Cody Franson for Slashing.
2:17 of 2nd period - Alexandre Bolduc wins face-off versus Mathieu Perreault in Staline zone.
3:24 of 2nd period - Wrist shot by Mason Raymond.
3:24 of 2nd period - Shot Blocked by Alexandre Bolduc.
3:30 of 2nd period - Shaun Heska is hit by Mason Raymond and loses puck.
4:16 of 2nd period - Penalty to Cody Franson is over, Cody Franson is back on ice.
4:16 of 2nd period - Pierre-Luc Létourneau is hit by Ryan Keller and loses puck.
4:27 of 2nd period - Snap shot by James Sheppard.
4:27 of 2nd period - Shot Misses the Net.
4:29 of 2nd period - Wrist shot by Stu Bickel.
4:29 of 2nd period - Stopped by Dustin Tokarski without a rebound.
4:30 of 2nd period - Brock Bradford wins face-off versus Zac Rinaldo in Gangsters zone.
4:35 of 2nd period - Snap shot by Gustav Nyquist.
4:35 of 2nd period - Shot Blocked by Zac Rinaldo.
5:05 of 2nd period - Torey Krug is hit by Mikko Lehtonen and loses puck.
5:17 of 2nd period - Luke Gazdic is hit by Andrei Loktionov and loses puck.
5:34 of 2nd period - Mason Raymond is hit by Michael Sdao and loses puck.
5:48 of 2nd period - Slapshot by Andrei Loktionov.
5:48 of 2nd period - Shot Misses the Net.
5:50 of 2nd period - Wrist shot by Devin Setoguchi.
5:50 of 2nd period - Stopped by Dustin Tokarski with a rebound.
5:52 of 2nd period - Snap shot by Devin Setoguchi.
5:52 of 2nd period - Shot Misses the Net.
5:54 of 2nd period - Snap shot by Mason Raymond.
5:54 of 2nd period - Deflect By Devin Setoguchi.
5:54 of 2nd period - Stopped by Dustin Tokarski with a rebound.
5:56 of 2nd period - Wrist shot by Andrei Loktionov.
5:56 of 2nd period - Shot Misses the Net.
5:58 of 2nd period - Slapshot by Stu Bickel.
5:58 of 2nd period - Shot Blocked by Mikko Lehtonen.
6:00 of 2nd period - Slapshot by Cody Franson.
6:00 of 2nd period - Deflect By Devin Setoguchi.
6:00 of 2nd period - Stopped by Dustin Tokarski without a rebound.
6:01 of 2nd period - Alexandre Bolduc wins face-off versus Yan Stastny in Gangsters zone.
6:06 of 2nd period - Snap shot by Bryan Young.
6:06 of 2nd period - Stopped by Tobias Stephan with a rebound.
6:08 of 2nd period - Slapshot by Alexandre Bolduc.
6:08 of 2nd period - Goal by Alexandre Bolduc - Staline : 5 - Gangsters : 5.
6:09 of 2nd period - Alexandre Bolduc wins face-off versus Yan Stastny in neutral zone.
6:22 of 2nd period - Snap shot by Jaroslav Balastik.
6:22 of 2nd period - Shot Blocked by Cody Franson.
6:24 of 2nd period - Wrist shot by Ryan Keller.
6:24 of 2nd period - Shot Misses the Net.
7:24 of 2nd period - Theo Peckham is hit by Alexandre Bolduc and loses puck.
8:21 of 2nd period - Michael Sdao is hit by Stu Bickel and loses puck.
8:46 of 2nd period - Backhand shot by Devin Setoguchi.
8:46 of 2nd period - Shot Misses the Net.
9:06 of 2nd period - Wrist shot by Cam Janssen.
9:06 of 2nd period - Shot Blocked by Michael Sdao.
9:39 of 2nd period - Slapshot by Andrei Loktionov.
9:39 of 2nd period - Stopped by Dustin Tokarski without a rebound.
9:40 of 2nd period - Artem Anisimov wins face-off versus Andrei Loktionov in Gangsters zone.
10:06 of 2nd period - Ville Koistinen is hit by Tyler Cuma and loses puck.
10:21 of 2nd period - Wrist shot by Chris Bourque.
10:21 of 2nd period - Shot Misses the Net.
10:23 of 2nd period - Slapshot by Ville Koistinen.
10:23 of 2nd period - Shot Blocked by Cody Franson.
10:25 of 2nd period - Slapshot by Artem Anisimov.
10:25 of 2nd period - Shot Misses the Net.
10:27 of 2nd period - Snap shot by Chris Bourque.
10:27 of 2nd period - Shot Blocked by Andrei Loktionov.
10:29 of 2nd period - Slapshot by Artem Anisimov.
10:29 of 2nd period - Shot Blocked by Stu Bickel.
10:31 of 2nd period - Slapshot by Bryan Young.
10:31 of 2nd period - Stopped by Tobias Stephan with a rebound.
10:33 of 2nd period - Wrist shot by Artem Anisimov.
10:33 of 2nd period - Shot Blocked by Cody Franson.
10:35 of 2nd period - Slapshot by Ville Koistinen.
10:35 of 2nd period - Stopped by Tobias Stephan without a rebound.
10:36 of 2nd period - Yan Stastny wins face-off versus Alexandre Bolduc in Staline zone.
10:36 of 2nd period - Yan Stastny is hit by Ryan Keller.
11:04 of 2nd period - Icing by Alexandre Bolduc.
11:05 of 2nd period - Zac Rinaldo wins face-off versus Alexandre Bolduc in Gangsters zone.
11:10 of 2nd period - Wrist shot by Cody Franson.
11:10 of 2nd period - Shot Misses the Net.
11:16 of 2nd period - Wrist shot by Jaroslav Balastik.
11:16 of 2nd period - Stopped by Tobias Stephan with a rebound.
11:18 of 2nd period - Snap shot by Alexandre Bolduc.
11:18 of 2nd period - Shot Blocked by Stu Bickel.
11:20 of 2nd period - Wrist shot by Jaroslav Balastik.
11:20 of 2nd period - Deflect By Alexandre Bolduc.
11:20 of 2nd period - Shot Blocked by Stu Bickel.
11:20 of 2nd period - Puck is out of play.
11:21 of 2nd period - Artem Anisimov wins face-off versus Andrei Loktionov in Staline zone.
11:30 of 2nd period - Backhand shot by Cody Franson.
11:30 of 2nd period - Deflect By Devin Setoguchi.
11:30 of 2nd period - Shot Misses the Net.
11:30 of 2nd period - Puck is out of play.
11:31 of 2nd period - Artem Anisimov wins face-off versus Andrei Loktionov in Gangsters zone.
11:31 of 2nd period - Artem Anisimov is hit by Devin Setoguchi.
11:38 of 2nd period - Off-side.
11:39 of 2nd period - Alexandre Bolduc wins face-off versus Yan Stastny in neutral zone.
11:45 of 2nd period - Icing by Stu Bickel.
11:46 of 2nd period - Yan Stastny wins face-off versus Alexandre Bolduc in Staline zone.
11:59 of 2nd period - Slapshot by Cody Franson.
11:59 of 2nd period - Shot Misses the Net.
12:01 of 2nd period - Slapshot by Stu Bickel.
12:01 of 2nd period - Stopped by Dustin Tokarski without a rebound.
12:02 of 2nd period - Artem Anisimov wins face-off versus Andrei Loktionov in Gangsters zone.
12:27 of 2nd period - Bryan Young is hit by Pierre-Luc Létourneau and loses puck.
12:39 of 2nd period - Off-side.
12:40 of 2nd period - Mathieu Perreault wins face-off versus Artem Anisimov in neutral zone.
12:40 of 2nd period - Mathieu Perreault is hit by Artem Anisimov.
12:52 of 2nd period - Snap shot by Chris Bourque.
12:52 of 2nd period - Shot Blocked by Theo Peckham.
12:54 of 2nd period - Snap shot by Chris Bourque.
12:54 of 2nd period - Shot Misses the Net.
12:56 of 2nd period - Slapshot by Artem Anisimov.
12:56 of 2nd period - Stopped by Tobias Stephan with a rebound.
13:06 of 2nd period - Mathieu Perreault is hit by Colten Teubert and loses puck.
13:19 of 2nd period - Slapshot by Cody Franson.
13:19 of 2nd period - Shot Misses the Net.
13:21 of 2nd period - Slapshot by Mathieu Perreault.
13:21 of 2nd period - Shot Misses the Net.
13:35 of 2nd period - Snap shot by Nick Spaling.
13:35 of 2nd period - Shot Blocked by Colten Teubert.
13:37 of 2nd period - Snap shot by Mathieu Perreault.
13:37 of 2nd period - Stopped by Dustin Tokarski without a rebound.
13:38 of 2nd period - Alexandre Bolduc wins face-off versus Andrei Loktionov in Gangsters zone.
13:40 of 2nd period - Minor Penalty to Jaroslav Balastik for Hooking.
13:41 of 2nd period - Brock Bradford wins face-off versus Mason Raymond in Gangsters zone.
15:40 of 2nd period - Penalty to Jaroslav Balastik is over, Jaroslav Balastik is back on ice.
15:46 of 2nd period - Slapshot by Mikko Lehtonen.
15:46 of 2nd period - Stopped by Tobias Stephan with a rebound.
16:27 of 2nd period - Ryan Jones is hit by J.T. Wyman and loses puck.
16:42 of 2nd period - James Sheppard is hit by Jaroslav Balastik and loses puck.
17:15 of 2nd period - Icing by Alexandre Bolduc.
17:16 of 2nd period - Alexandre Bolduc wins face-off versus Yan Stastny in Gangsters zone.
17:46 of 2nd period - Minor Penalty to Gustav Nyquist for Holding.
17:47 of 2nd period - Jaroslav Balastik wins face-off versus Andrei Loktionov in Gangsters zone.
18:42 of 2nd period - Icing by Mason Raymond.
18:43 of 2nd period - Jaroslav Balastik wins face-off versus Andrei Loktionov in Staline zone.
19:46 of 2nd period - Penalty to Gustav Nyquist is over, Gustav Nyquist is back on ice.
19:52 of 2nd period - Snap shot by Maxime Sauvé.
19:52 of 2nd period - Shot Blocked by James Sheppard.
19:58 of 2nd period - Zac Rinaldo is hit by Luke Gazdic and loses puck.
Goals for this period are 1 for Staline vs 1 for Gangsters.
Shots for this period are 8 for Staline vs 10 for Gangsters.
3rd period
0:01 of 3rd period - Andrei Loktionov wins face-off versus Alexandre Bolduc in neutral zone.
0:06 of 3rd period - Snap shot by Andrei Loktionov.
0:06 of 3rd period - Shot Misses the Net.
0:38 of 3rd period - Snap shot by Alexandre Bolduc.
0:38 of 3rd period - Stopped by Tobias Stephan without a rebound.
0:39 of 3rd period - Andrei Loktionov wins face-off versus Artem Anisimov in Staline zone.
1:04 of 3rd period - Theo Peckham is hit by Mikko Lehtonen.
1:10 of 3rd period - Slapshot by Ville Koistinen.
1:10 of 3rd period - Shot Misses the Net.
1:12 of 3rd period - Slapshot by Bryan Young.
1:12 of 3rd period - Shot Blocked by Theo Peckham.
1:14 of 3rd period - Slapshot by Bryan Young.
1:14 of 3rd period - Stopped by Tobias Stephan with a rebound.
1:16 of 3rd period - Snap shot by Ville Koistinen.
1:16 of 3rd period - Stopped by Tobias Stephan with a rebound.
1:30 of 3rd period - Wrist shot by Yan Stastny.
1:30 of 3rd period - Shot Misses the Net.
2:09 of 3rd period - Chris Bourque is hit by Theo Peckham and loses puck.
2:30 of 3rd period - Cam Janssen is hit by Luke Gazdic.
3:37 of 3rd period - Snap shot by Andrei Loktionov.
3:37 of 3rd period - Shot Blocked by Mikko Lehtonen.
3:40 of 3rd period - Icing by Colten Teubert.
3:41 of 3rd period - Yan Stastny wins face-off versus Maxime Sauvé in Gangsters zone.
3:44 of 3rd period - Backhand shot by Yan Stastny.
3:44 of 3rd period - Stopped by Dustin Tokarski with a rebound.
3:46 of 3rd period - Wrist shot by Pierre-Luc Létourneau.
3:46 of 3rd period - Shot Misses the Net.
3:48 of 3rd period - Slapshot by Torey Krug.
3:48 of 3rd period - Shot Misses the Net.
3:50 of 3rd period - Slapshot by Torey Krug.
3:50 of 3rd period - Shot Misses the Net.
3:52 of 3rd period - Wrist shot by Pierre-Luc Létourneau.
3:52 of 3rd period - Shot Blocked by Shaun Heska.
3:54 of 3rd period - Snap shot by Pierre-Luc Létourneau.
3:54 of 3rd period - Stopped by Dustin Tokarski without a rebound.
3:55 of 3rd period - Alexandre Bolduc wins face-off versus Yan Stastny in Gangsters zone.
4:30 of 3rd period - Slapshot by Shaun Heska.
4:30 of 3rd period - Deflect By Ryan Jones.
4:30 of 3rd period - Shot Misses the Net.
4:30 of 3rd period - Puck is out of play.
4:31 of 3rd period - Artem Anisimov wins face-off versus Andrei Loktionov in Staline zone.
4:52 of 3rd period - Snap shot by Devin Setoguchi.
4:52 of 3rd period - Shot Misses the Net.
4:54 of 3rd period - Backhand shot by Cody Franson.
4:54 of 3rd period - Shot Hit the Post.
4:56 of 3rd period - Snap shot by Devin Setoguchi.
4:56 of 3rd period - Stopped by Dustin Tokarski without a rebound.
4:57 of 3rd period - Yan Stastny wins face-off versus Alexandre Bolduc in Gangsters zone.
5:18 of 3rd period - Minor Penalty to Alexandre Bolduc for Hooking.
5:19 of 3rd period - Jaroslav Balastik wins face-off versus Andrei Loktionov in Gangsters zone.
5:19 of 3rd period - Jaroslav Balastik is hit by Torey Krug.
6:35 of 3rd period - Cody Franson is hit by Colten Teubert and loses puck.
7:18 of 3rd period - Penalty to Alexandre Bolduc is over, Alexandre Bolduc is back on ice.
7:24 of 3rd period - Snap shot by Alexandre Bolduc.
7:24 of 3rd period - Shot Misses the Net.
7:45 of 3rd period - Cody Franson is hit by Luke Gazdic and loses puck.
7:56 of 3rd period - Snap shot by Maxime Sauvé.
7:56 of 3rd period - Shot Misses the Net.
7:58 of 3rd period - Slapshot by Ville Koistinen.
7:58 of 3rd period - Shot Misses the Net.
8:21 of 3rd period - Torey Krug is hit by Ryan Jones and loses puck.
8:45 of 3rd period - Mathieu Perreault is hit by Matt Delahey and loses puck.
8:58 of 3rd period - Torey Krug is hit by Michael Sdao and loses puck.
10:06 of 3rd period - Wrist shot by Nick Foligno.
10:06 of 3rd period - Shot Misses the Net.
10:08 of 3rd period - Snap shot by Chris Bourque.
10:08 of 3rd period - Stopped by Tobias Stephan without a rebound.
10:09 of 3rd period - Andrei Loktionov wins face-off versus Artem Anisimov in Staline zone.
10:16 of 3rd period - Wrist shot by Chris Bourque.
10:16 of 3rd period - Shot Blocked by Tyler Cuma.
10:23 of 3rd period - Minor Penalty to Chris Bourque for Interference.
10:24 of 3rd period - Jaroslav Balastik wins face-off versus Andrei Loktionov in Gangsters zone.
10:36 of 3rd period - Wrist shot by Ryan Keller.
10:36 of 3rd period - Stopped by Tobias Stephan without a rebound.
10:37 of 3rd period - Jaroslav Balastik wins face-off versus Andrei Loktionov in Staline zone.
11:09 of 3rd period - Snap shot by Devin Setoguchi.
11:09 of 3rd period - Stopped by Dustin Tokarski without a rebound.
11:10 of 3rd period - Brock Bradford wins face-off versus Yan Stastny in Gangsters zone.
11:23 of 3rd period - Slapshot by Theo Peckham.
11:23 of 3rd period - Stopped by Dustin Tokarski without a rebound.
11:24 of 3rd period - Jaroslav Balastik wins face-off versus Andrei Loktionov in Gangsters zone.
11:53 of 3rd period - Nick Foligno is hit by Yan Stastny and loses puck.
12:20 of 3rd period - Jaroslav Balastik is hit by Cam Janssen and loses puck.
12:23 of 3rd period - Penalty to Chris Bourque is over, Chris Bourque is back on ice.
12:28 of 3rd period - Icing by Colten Teubert.
12:29 of 3rd period - Ryan Jones wins face-off versus Zac Rinaldo in Gangsters zone.
12:44 of 3rd period - Snap shot by Chris Bourque.
12:44 of 3rd period - Shot Blocked by Jared Boll.
13:26 of 3rd period - Snap shot by Cam Janssen.
13:26 of 3rd period - Shot Misses the Net.
13:41 of 3rd period - Ryan Jones is hit by Mathieu Perreault and loses puck.
13:46 of 3rd period - Snap shot by Mathieu Perreault.
13:46 of 3rd period - Deflect By Nick Spaling.
13:46 of 3rd period - Shot Misses the Net.
13:46 of 3rd period - Puck is out of play.
13:47 of 3rd period - Alexandre Bolduc wins face-off versus Andrei Loktionov in Gangsters zone.
13:54 of 3rd period - Devin Setoguchi is hit by Shaun Heska and loses puck.
14:10 of 3rd period - Andrei Loktionov is hit by Jaroslav Balastik and loses puck.
14:21 of 3rd period - Snap shot by Devin Setoguchi.
14:21 of 3rd period - Shot Misses the Net.
14:23 of 3rd period - Snap shot by Mason Raymond.
14:23 of 3rd period - Goal by Mason Raymond - Staline : 6 - Gangsters : 5.
14:24 of 3rd period - Cam Janssen wins face-off versus Artem Anisimov in neutral zone.
14:30 of 3rd period - Off-side.
14:31 of 3rd period - Artem Anisimov wins face-off versus Yan Stastny in neutral zone.
14:34 of 3rd period - Slapshot by Ville Koistinen.
14:34 of 3rd period - Deflect By Chris Bourque.
14:34 of 3rd period - Goal by Chris Bourque - Staline : 6 - Gangsters : 6.
14:35 of 3rd period - Alexandre Bolduc wins face-off versus Andrei Loktionov in neutral zone.
14:40 of 3rd period - Snap shot by Jaroslav Balastik.
14:40 of 3rd period - Stopped by Tobias Stephan with a rebound.
14:42 of 3rd period - Wrist shot by Jaroslav Balastik.
14:42 of 3rd period - Stopped by Tobias Stephan with a rebound.
14:44 of 3rd period - Slapshot by Bryan Young.
14:44 of 3rd period - Stopped by Tobias Stephan without a rebound.
14:45 of 3rd period - Alexandre Bolduc wins face-off versus Andrei Loktionov in Staline zone.
14:58 of 3rd period - Snap shot by Alexandre Bolduc.
14:58 of 3rd period - Shot Misses the Net.
15:16 of 3rd period - Slapshot by Ryan Keller.
15:16 of 3rd period - Goal by Ryan Keller - Staline : 6 - Gangsters : 7.
15:17 of 3rd period - Brock Bradford wins face-off versus Mathieu Perreault in neutral zone.
15:17 of 3rd period - Ville Koistinen is hit by Nick Spaling and loses puck.
15:42 of 3rd period - Ville Koistinen is hit by Andrei Loktionov and loses puck.
16:01 of 3rd period - Slapshot by Cody Franson.
16:01 of 3rd period - Shot Misses the Net.
16:17 of 3rd period - Yan Stastny is hit by Artem Anisimov and loses puck.
16:30 of 3rd period - Snap shot by Maxime Sauvé.
16:30 of 3rd period - Stopped by Tobias Stephan without a rebound.
16:31 of 3rd period - Zac Rinaldo wins face-off versus Maxime Sauvé in Staline zone.
17:05 of 3rd period - Wrist shot by Mikko Lehtonen.
17:05 of 3rd period - Shot Misses the Net.
17:15 of 3rd period - Wrist shot by Maxime Sauvé.
17:15 of 3rd period - Shot Blocked by Torey Krug.
17:17 of 3rd period - Wrist shot by Maxime Sauvé.
17:17 of 3rd period - Shot Misses the Net.
17:23 of 3rd period - Snap shot by James Sheppard.
17:23 of 3rd period - Stopped by Dustin Tokarski with a rebound.
17:25 of 3rd period - Wrist shot by James Sheppard.
17:25 of 3rd period - Deflect By Jared Boll.
17:25 of 3rd period - Shot Misses the Net.
17:25 of 3rd period - Puck is out of play.
17:26 of 3rd period - Mathieu Perreault wins face-off versus Brock Bradford in Gangsters zone.
17:31 of 3rd period - Slapshot by Theo Peckham.
17:31 of 3rd period - Shot Blocked by Gustav Nyquist.
17:33 of 3rd period - Slapshot by Tyler Cuma.
17:33 of 3rd period - Stopped by Dustin Tokarski with a rebound.
17:35 of 3rd period - Snap shot by Mathieu Perreault.
17:35 of 3rd period - Stopped by Dustin Tokarski with a rebound.
17:37 of 3rd period - Slapshot by Theo Peckham.
17:37 of 3rd period - Deflect By Nick Spaling.
17:37 of 3rd period - Deflect By Brock Bradford.
17:37 of 3rd period - Shot Misses the Net.
17:37 of 3rd period - Puck is out of play.
17:38 of 3rd period - Brock Bradford wins face-off versus Mathieu Perreault in Gangsters zone.
18:18 of 3rd period - Minor Penalty to Jaroslav Balastik for Roughing.
18:19 of 3rd period - Brock Bradford wins face-off versus Andrei Loktionov in Gangsters zone.
Goals for this period are 1 for Staline vs 2 for Gangsters.
Shots for this period are 9 for Staline vs 11 for Gangsters.
Output by the SimonT Hockey Simulator (STHS) for François Prévost -- Original Page W3C XHTML 1.0 Valid